 Dungeon Crawl Stone Soup version 0.19-a0-1049-g462a813 (webtiles) character file.

5975 hairmachine the Zephyrmancer (level 10, 0/63 HPs)
             Began as a High Elf Air Elementalist on July 30, 2016.
             Was a Priest of Vehumet.
             Slain by a killer bee (4 damage)
             ... on level 8 of the Dungeon on July 31, 2016.
             The game lasted 01:05:20 (13636 turns).

hairmachine the Zephyrmancer (HEAE)                Turns: 13636, Time: 01:05:21

Health: 0/63       AC:  7    Str:  7    XL:     10   Next: 55%
Magic:  10/21      EV: 15    Int: 22    God:    Vehumet [***...]
Gold:   114        SH:  5    Dex: 17    Spells: 7 memorised, 4 levels left

rFire  . . .     SeeInvis +     C - +1 dagger (venom)
rCold  . . .     Gourm    .     E - +1 robe {rN+}
rNeg   + . .     Faith    .     G - +0 buckler
rPois  .         Spirit   .     x - +2 helmet {SInv}
rElec  .         Dismiss  .     a - +0 cloak
rCorr  .         Reflect  .     (no gloves)
SustAt .         Harm     .     (no boots)
MR     +....                    (no amulet)
Stlth  ++++......               (no ring)
                                t - ring of stealth

@: very slightly contaminated, repel missiles, somewhat resistant to hostile
enchantments, stealthy
A: no striking features
a: Renounce Religion


You were on level 8 of the Dungeon.
You worshipped Vehumet.
Vehumet was most pleased with you.
You were not hungry.

You visited 3 branches of the dungeon, and saw 10 of its levels.

You collected 458 gold pieces.
You spent 344 gold pieces at shops.

Inventory:

Hand Weapons
 C - a +1 dagger of venom (weapon)
Armour
 a - a +0 cloak (worn)
 x - a +2 helmet of see invisible (worn)
 E - a +1 robe of positive energy (worn)
 G - a +0 buckler (worn)
Jewellery
 t - a ring of stealth (left hand)
 u - a +2 ring of slaying {unknown}
 F - an uncursed ring of wizardry {unknown}
Wands
 p - a wand of slowing (30/48)
 w - a wand of confusion (45/48)
Scrolls
 b - 2 scrolls of enchant armour {unknown}
 f - 2 scrolls of amnesia
 g - 2 scrolls of enchant weapon
 i - a scroll of remove curse
 m - a scroll of random uselessness {unknown}
 n - 2 scrolls of teleportation {unknown}
 o - 2 scrolls of recharging
 q - a scroll of fear {unknown}
 s - 3 scrolls of magic mapping {unknown}
 v - 3 scrolls of identify
 y - a scroll of blinking
Potions
 d - 3 potions of might
 e - a potion of cancellation {unknown}
 h - 2 potions of curing
 k - a potion of agility {unknown}
 l - 4 potions of flight
 A - a potion of lignification {unknown}
 D - 2 potions of haste {unknown}
Comestibles
 c - 6 bread rations
 j - 2 chunks of flesh
 r - a slice of pizza
 z - a fruit


   Skills:
 + Level 3.0 Fighting
 + Level 5.2 Dodging
 + Level 4.4 Stealth
 - Level 4.0 Shields
 - Level 6.7 Spellcasting
 - Level 10.2 Conjurations
 - Level 10.7 Air Magic


You had 4 spell levels left.
You knew the following spells:

 Your Spells              Type           Power        Failure   Level  Hunger
a - Shock                 Conj/Air       ####         1%          1    None
b - Repel Missiles        Chrm/Air       ####..       1%          2    None
c - Swiftness             Chrm/Air       ####....     1%          2    None
d - Static Discharge      Conj/Air       ######..     1%          3    #......
e - Lightning Bolt        Conj/Air       ######....   1%          5    #####..
f - Searing Ray           Conj           ######       1%          2    None
g - Mephitic Cloud        Conj/Pois/Air  #####...     1%          3    #......


Dungeon Overview and Level Annotations

Branches:
Dungeon (8/15)             Temple (1/1) D:4            Lair (1/6) D:8

Altars:
Dithmenos
Elyvilon
Fedhas
Gozag
Hepliaklqana
Pakellas
Qazlal
Sif Muna
Vehumet
Zin
Beogh

Shops:
D:2 *   D:7 ([


Message History

You see here a spiny frog corpse.
You feel sick. The killer bee stings you.
* * * LOW HITPOINT WARNING * * *
You are more poisoned.
The killer bee poisons you! You block the killer bee's attack.
There is a staircase back to the Dungeon, spattered with blood here.
You feel sick.
The killer bee stings you but does no damage.
The killer bee stings you.
* * * LOW HITPOINT WARNING * * *
You are more poisoned.
The killer bee poisons you! You block the killer bee's attack.
You climb upwards.
Welcome back to the Dungeon!
* * * LOW HITPOINT WARNING * * *
You feel very sick.
There is a staircase to the Lair here.
You feel better. The killer bee stings you.
* * * LOW HITPOINT WARNING * * *
The killer bee stings you.
You die...

#######..# # ### #..#
#######..#########
.................###
###.##########.....###
###.# #####.........##
#...# #..#...........##
#.### ##........y......##
..# ##.........@.......#
.#####..##..............#
.......####.......PP..#.#
.###....####.........##.#
## #.##...####.....####.#
##.####.# ##..### #..#
##..# #.## #.## ##.##
##..## #..####.#####..#
#..## ##............##


You could see a killer bee (berserk).

Vanquished Creatures
  Pikel (D:5)
  A spiny frog (Lair:1)
  The ghost of Gruud the Twirler, a novice DsGl of Pakellas (D:6)
  A komodo dragon (Lair:1)
  Prince Ribbit (Lair:1)
  4 blink frogs
  A hippogriff (D:8)
  3 wargs (D:8)
  A mottled dragon (D:8)
  A water moccasin (D:5)
  A black bear (D:6)
  3 orc warriors
  A sky beast (D:8)
  A phantom (D:6)
  An eye of draining (D:8)
  A big kobold (D:8)
  2 giant frogs (D:6)
  2 scorpions (D:7)
  A wyvern skeleton (D:6)
  16 killer bees
  3 howler monkeys
  A jelly (D:8)
  2 quasits
  8 hounds
  2 centaur zombies
  A giant frog skeleton (D:8)
  3 orc priests (D:8)
  5 orc wizards
  2 iguanas
  Ijyb (D:4)
  6 worker ants
  A hound skeleton (D:5)
  10 gnolls
  A howler monkey skeleton (D:4)
  2 worker ant zombies
  7 adders
  3 oozes
  An adder zombie (D:8)
  3 worms
  3 dart slugs (D:1)
  5 giant geckos
  37 orcs
  7 giant cockroaches
  15 goblins
  4 hobgoblins
  26 jackals
  2 quokkas
  2 ball pythons
  6 bats
  A giant gecko skeleton (D:4)
  5 giant newts
  2 jackal skeletons
  10 kobolds
  A quokka skeleton (D:6)
  6 rats
238 creatures vanquished.

Vanquished Creatures (others)
  A worker ant (D:5)
  An adder skeleton (D:5)
  A quokka skeleton (D:7)
3 creatures vanquished.

Grand Total: 241 creatures vanquished

Notes
Turn   | Place    | Note
-------+----------+-------------------------------------------
     0 | D:1      | hairmachine the High Elf Air Elementalist began the quest for the Orb.
     0 | D:1      | Reached XP level 1. HP: 11/11 MP: 4/4
   315 | D:1      | Reached XP level 2. HP: 17/17 MP: 3/6
   348 | D:1      | Learned a level 2 spell: Repel Missiles
   351 | D:1      | Learned a level 2 spell: Swiftness
  1365 | D:1      | Reached XP level 3. HP: 21/21 MP: 4/7
  1973 | D:2      | Found Zin's Purification Station.
  1975 | D:2      | Found a glowing silver altar of Zin.
  2368 | D:2      | Reached XP level 4. HP: 27/27 MP: 5/8
  2584 | D:3      | Reached skill level 5 in Air Magic
  2795 | D:3      | Found an opulent altar of Gozag.
  3753 | D:3      | Learned a level 3 spell: Static Discharge
  3932 | D:4      | Reached XP level 5. HP: 20/31 MP: 0/10
  4571 | D:4      | Reached XP level 6. HP: 29/36 MP: 3/12
  4875 | D:4      | Found a staircase to the Ecumenical Temple.
  4910 | Temple   | Entered the Ecumenical Temple
  4933 | Temple   | Became a worshipper of Vehumet
  5180 | D:4      | Noticed Ijyb
  5185 | D:4      | Killed Ijyb
  5185 | D:4      | Reached skill level 5 in Conjurations
  5454 | D:5      | Entered Level 5 of the Dungeon
  5556 | D:5      | Found a deep blue altar of Sif Muna.
  5605 | D:5      | Noticed a water elemental
  5607 | D:5      | Found a stormy altar of Qazlal.
  5769 | D:5      | Found a blossoming altar of Fedhas.
  5891 | D:5      | Noticed a slave
  5892 | D:5      | Noticed a slave
  5897 | D:5      | Noticed Pikel
  5912 | D:5      | Killed Pikel
  5912 | D:5      | Reached XP level 7. HP: 32/41 MP: 0/15
  6149 | D:5      | Reached skill level 5 in Spellcasting
  6168 | D:5      | Learned a level 5 spell: Lightning Bolt
  6327 | D:5      | Found a shadowy altar of Dithmenos.
  6513 | D:5      | Noticed an air elemental
  6513 | D:5      | Noticed a fire elemental
  6558 | D:5      | Reached XP level 8. HP: 46/46 MP: 9/16
  7008 | D:6      | Reached skill level 1 in Shields
  7400 | D:6      | Reached * piety under Vehumet
  7400 | D:6      | Offered knowledge of Sandblast by Vehumet.
  7406 | D:6      | Noticed Gruud's ghost (novice DsGl)
  8490 | D:6      | Killed Gruud's ghost
  8812 | D:6      | Reached XP level 9. HP: 48/51 MP: 11/17
  9632 | D:7      | Offered knowledge of Throw Frost by Vehumet.
  9684 | D:7      | Reached ** piety under Vehumet
  9804 | D:7      | Found Cutyh's Armour Emporium.
  9842 | D:7      | Bought a +2 helmet of see invisible for 344 gold pieces
  9867 | D:7      | Found Cystrion's Antique Weapon Emporium.
 10506 | D:7      | Found an oddly glowing altar of Pakellas.
 11365 | D:8      | Reached skill level 10 in Air Magic
 12038 | D:8      | Found a hazy altar of Hepliaklqana.
 12092 | D:8      | Found a white marble altar of Elyvilon.
 12328 | D:8      | Offered knowledge of Searing Ray by Vehumet.
 12328 | D:8      | Reached XP level 10. HP: 12/56 MP: 13/21
 12624 | D:8      | Reached skill level 10 in Conjurations
 12851 | D:8      | Learned a level 2 spell: Searing Ray
 12950 | D:8      | Reached *** piety under Vehumet
 13072 | D:8      | Found a roughly hewn altar of Beogh.
 13166 | D:8      | Found a staircase to the Lair.
 13224 | Lair:1   | Entered Level 1 of the Lair of Beasts
 13261 | Lair:1   | Upgraded the game from 0.19-a0-1041-g82b1012 to 0.19-a0-1049-g462a813
 13266 | Lair:1   | Noticed Prince Ribbit
 13314 | D:8      | Offered knowledge of Mephitic Cloud by Vehumet.
 13314 | D:8      | Reached skill level 1 in Fighting
 13399 | D:8      | Learned a level 3 spell: Mephitic Cloud
 13400 | Lair:1   | Noticed a spiny frog
 13410 | Lair:1   | Killed a spiny frog
 13482 | Lair:1   | Killed Prince Ribbit
 13488 | Lair:1   | Reached skill level 5 in Dodging
 13636 | D:8      | Slain by a killer bee

Vault maps used:
D:1:      dpeg_arrival_refuge, kennysheep_pointless_box, grunt_decor_one_mirror,
          st_stairs_5, lemuel_another_geyser
D:2:      zin_purify, serial_park_tiny_1
D:3:      marbit_many_paths
D:4:      kennysheep_goblin_castle, first_bread
D:5:      nicolae_dithmenos_the_darkroom, old_standard_altar, basic_altar,
          nicolae_qazlal_style_of_elements, uniq_pikel
D:7:      overflow_temple_1_default, serial_shops, shop, kennysheep_little_box
D:8:      nicolae_overflow_crystal_walls, lemuel_doored_altar,
          erik_lair_orcish_takeover, special_room
Temple:   minmay_temple_curvy_branch
Lair:1:   special_room, guppyfry_lair_drakes, uniq_prince_ribbit2

Skill      XL: |  1  2  3  4  5  6  7  8  9 10 |
---------------+-------------------------------+-----
Air Magic      | 4 5 6 7 8 10 | 10.7
Conjurations   | 2 3 4 6 7 8 9 10 | 10.2
Spellcasting   | 3 4 5 6 |  6.7
Shields        | 3 4 |  4.0
Dodging        | 5 |  5.2
Fighting       | 3 |  3.0
Stealth        | 4 |  4.4

Action                   |  1- 3 |  4- 6 |  7- 9 | 10-12 || total
-------------------------+-------+-------+-------+-------++-------
 Cast: Shock             |    68 |   144 |   219 |    53 ||   484
       Repel Missiles    |     1 |     2 |     1 |     1 ||     5
       Static Discharge  |       |    14 |    65 |    19 ||    98
       Swiftness         |       |     1 |       |       ||     1
       Lightning Bolt    |       |       |    10 |     2 ||    12
       Searing Ray       |       |       |       |     9 ||     9
Evoke: Wand              |       |       |     1 |       ||     1
  Use: Scroll            |       |     3 |     8 |     1 ||    12
       Potion            |       |       |     2 |     1 ||     3
  Eat: Chunk             |     5 |    11 |    18 |     3 ||    37
       Fruit             |       |       |     2 |       ||     2
       Beef jerky        |       |       |     2 |       ||     2
       Pizza             |       |       |     1 |       ||     1
       Royal jelly       |       |       |       |     1 ||     1
Armor: Robe              |     3 |     8 |    18 |     5 ||    34
Dodge: Dodged            |    25 |    16 |    77 |    31 ||   149
       Deflected         |     2 |     3 |     2 |       ||     7
Block: Buckler           |       |       |    16 |     9 ||    25
